Map: Orbital Shipyard (3.0.5 Balance v1.0)

Players

rxrxYUKI - Winner!

  • Race: Protoss Protoss

Player 2

  • Race: Zerg Zerg

VOD

Have the link to the VOD?

Description

Time

  • Played on: Dec. 19, 2015, 8:54 a.m.
  • Length: 9:28
Show
View Real Time Build Order
Export as new Build Order

rxrxYUKI Protoss - Winner!

Build Orders: Mass Adepts 

Get SALT Encoding   

  12  0:03  Probe (Chrono Boost)  
  13  0:14  Probe (Chrono Boost)  
  14  0:18  Pylon  
  14  0:25  Probe (Chrono Boost)  
  15  0:38  Gateway  
  15  0:40  Probe (Chrono Boost)  
  16  0:51  Probe (Chrono Boost)  
  16  0:57  Assimilator  
  17  1:02  Assimilator  
  17  1:03  Probe (Chrono Boost)  
  18  1:13  Probe (Chrono Boost)  
  18  1:15  Gateway  
  19  1:35  Cybernetics Core, Probe (Chrono Boost)  
  20  1:48  Probe (Chrono Boost), Pylon  
  21  2:09  Gateway  
  21  2:11  Gateway  
  21  2:14  Warp Gate  
  21  2:16  Adept x2  
  25  2:55  Adept x2  
  25  2:57  Pylon  
  29  3:03  Adept  
  31  3:15  Adept  
  31  3:18  Gateway  
  33  3:25  Adept x2  
  37  3:39  Adept  
  39  4:33  Pylon  
  39  4:35  Pylon  
  39  4:37  Pylon  
  39  4:51  Adept  
  41  5:04  Stalker x3  
  41  5:05  Stalker  
  31  6:41  Stalker x2  
  31  6:42  Stalker x2  
  35  7:10  Stalker x2  
  35  7:11  Stalker x2  
  43  7:42  Stalker x3  
  43  7:43  Stalker  
  51  8:17  Stalker  
  51  8:18  Stalker x2  
  51  8:19  Stalker  
  59  8:45  Stalker x2  
Show
View Real Time Build Order
Export as new Build Order

Player 2 Zerg 

Build Orders: Pool First 

Get SALT Encoding   

  12  0:00  Drone  
  13  0:12  Overlord  
  13  0:17  Drone  
  14  0:30  Drone  
  14  0:33  Drone  
  16  0:44  Spawning Pool  
  16  0:45  Drone  
  16  0:48  Drone  
  17  0:52  Extractor  
  17  0:55  Drone  
  17  1:06  Overlord  
  17  1:30  Queen  
  17  1:31  Zergling x2  
  20  1:38  Roach Warren, Drone  
  20  1:40  Extractor  
  20  1:41  Zergling x2  
  20  1:49  Drone  
  21  1:59  Drone  
  22  2:10  Overlord  
  22  2:21  Roach  
  24  2:32  Roach  
  26  2:42  Roach  
  28  2:44  Overlord  
  28  2:49  Drone  
  29  2:52  Roach  
  31  2:58  Drone  
  32  3:07  Baneling Nest  
  32  3:08  Drone  
  32  3:09  Roach  
  32  3:11  Drone  
  35  3:15  Drone  
  36  3:21  Drone  
  37  3:31  Evolution Chamber  
  37  3:32  Roach  
  38  3:42  Drone  
  38  3:43  Overlord  
  38  3:45  Drone  
  40  5:12  Lair, Overlord, Drone  
  41  5:14  Spore Crawler  
  41  5:15  Drone  
  41  5:16  Spore Crawler  
  41  5:18  Hatchery, Drone  
  41  5:21  Drone  
  27  5:36  Roach  
  29  5:44  Zergling x2  
  28  5:51  Zergling x2  
  25  5:59  Zergling x2  
  25  6:03  Drone  
  25  6:06  Zergling x2  
  25  6:09  Queen  
  25  6:10  Drone, Overseer x2  
  29  6:13  Zergling x2  
  30  6:20  Zergling x2  
  30  6:21  Drone  
  30  6:23  Hydralisk Den  
  30  6:29  Infestation Pit  
  30  6:30  Drone  
  30  6:32  Roach  
  27  6:40  Drone  
  27  6:43  Drone  
  24  6:52  Roach  
  25  6:56  Spawning Pool  
  21  7:02  Drone  
  21  7:03  Roach  
  22  7:13  Roach  
  22  7:15  Drone  
  25  7:19  Drone  
  25  7:20  Roach  
  26  7:23  Drone  
  26  7:26  Drone  
  28  7:30  Drone, Hydralisk  
  26  7:41  Drone  
  26  7:42  Hydralisk  
  26  7:43  Queen  
  24  7:53  Hydralisk  
  22  8:09  Drone  
  22  8:12  Drone, Spawning Pool  
  23  8:16  Drone  
  20  8:23  Drone  
  16  8:40  Drone  
  17  8:44  Drone  
  18  8:49  Drone, Spawning Pool  
  17  9:02  Spawning Pool  
  12  9:16  Drone  
Tags
 
Add a new tag
Caveats
  • Supply blocks, unpowered buildings, or Contaminate may cause inaccurate times.
  • Supply counts are checked every 10 seconds.